| TOP OF THE 1ST |
|
Hudson Valley Renegades batting - Pitching for Los Angeles (NYP) Angels : RHP Nick Madrid
|
|
Pitching: RHP Nick Madrid
|
|
|
Batting: LHB Dan Hunt
|
0-0: Ball 1-0: Called Strike 1-1: SOLO HOME RUN (Flyball, 89XD, EV 110.6 MPH), Distance : 439 ft
|
|
Batting: RHB Jesse Haddad
|
0-0: Ball 1-0: Fly out, F7 (Line Drive, 7D, EV 88.1 MPH)
|
|
Batting: SHB Suljo Dokic
|
0-0: Called Strike 0-1: Ball 1-1: Foul Ball, location: 2F 1-2: Ground out 4-3 (Groundball, 4, EV 78.1 MPH)
|
|
Batting: LHB Isaac Bamberg
|
0-0: Ball 1-0: Ball 2-0: Ball 3-0: Base on Balls
|
|
Batting: RHB Azedine Kirui
|
0-0: Ball 1-0: Foul Ball, location: 2F 1-1: Ball 2-1: Ball 3-1: Ground out 4-3 (Groundball, 4, EV 81.9 MPH)
|
| Top of the 1st over - 1 run, 1 hit, 0 errors, 1 left on base; Hudson Valley 1 - Los Angeles (NYP) 0 |
| BOTTOM OF THE 1ST |
|
Los Angeles (NYP) Angels batting - Pitching for Hudson Valley Renegades : RHP Kyle Thomas
|
|
Pitching: RHP Kyle Thomas
|
|
|
Batting: RHB Randy Grewe
|
0-0: Ball 1-0: TRIPLE (Flyball, 89XD, EV 106.9 MPH)
|
|
Batting: RHB Jeff Long
|
0-0: SINGLE (Groundball, 56D, EV 106.3 MPH) Randy Grewe scores
|
|
Batting: RHB Jon Griffin
|
0-0: Called Strike 0-1: Swinging Strike 0-2: Ball 1-2: Ball 2-2: Strikes out swinging
|
|
Batting: SHB Conor Davies
|
0-0: Ball Jeff Long is caught stealing 2nd base 2-6 1-0: Foul Ball, location: 2F 1-1: Swinging Strike 1-2: Ball 2-2: Foul Ball, location: 2F 2-2: Ground out U3 (Groundball, 3L, EV 88.1 MPH)
|
| Bottom of the 1st over - 1 run, 2 hits, 0 errors, 0 left on base; Hudson Valley 1 - Los Angeles (NYP) 1 |
| TOP OF THE 2ND |
|
Hudson Valley Renegades batting - Pitching for Los Angeles (NYP) Angels : RHP Nick Madrid
|
|
Batting: SHB Josif Popovski
|
0-0: Called Strike 0-1: Ground out 6-3 (Groundball, 6, EV 83.1 MPH)
|
|
Batting: RHB Khalil Walker
|
0-0: Called Strike 0-1: Ball 1-1: Ball 2-1: Foul Ball, location: 2F 2-2: Ball 3-2: Foul Ball, location: 2F 3-2: Foul Ball, location: 2F 3-2: Base on Balls
|
|
Batting: RHB Jose Bengochea
|
0-0: Called Strike Khalil Walker is caught stealing 2nd base 2-4 0-1: Called Strike 0-2: Strikes out looking
|
| Top of the 2nd over - 0 runs, 0 hits, 0 errors, 0 left on base; Hudson Valley 1 - Los Angeles (NYP) 1 |
| BOTTOM OF THE 2ND |
|
Los Angeles (NYP) Angels batting - Pitching for Hudson Valley Renegades : RHP Kyle Thomas
|
|
Batting: RHB Tsega Haida
|
0-0: Ball 1-0: Ball 2-0: Swinging Strike 2-1: Called Strike 2-2: Foul Ball, location: 2F 2-2: Ball 3-2: Foul Ball, location: 2F 3-2: Strikes out swinging
|
|
Batting: RHB Jason Habeck
|
0-0: Ball 1-0: SINGLE (Line Drive, 34, EV 108.8 MPH)
|
|
Batting: RHB Steve Hughey
|
0-0: Ball 1-0: SINGLE (Line Drive, 34D, EV 101.9 MPH) Jason Habeck to second
|
|
Batting: RHB David Kunze
|
0-0: Ball 1-0: Foul Ball, location: 2F 1-1: Ball 2-1: Fielders Choice at 2nd, 6-4 (Groundball, 6, EV 82.5 MPH) Jason Habeck to third
|
|
Batting: RHB D.J. Martinez
|
0-0: Called Strike 0-1: Foul Ball, location: 2F 0-2: Foul Ball, location: 2F 0-2: Ground out U3 (Groundball, 3, EV 105.6 MPH)
|
| Bottom of the 2nd over - 0 runs, 2 hits, 0 errors, 2 left on base; Hudson Valley 1 - Los Angeles (NYP) 1 |
| TOP OF THE 3RD |
|
Hudson Valley Renegades batting - Pitching for Los Angeles (NYP) Angels : RHP Nick Madrid
|
|
Batting: SHB Tirta Subandrio
|
0-0: Called Strike 0-1: Called Strike 0-2: Ball 1-2: Foul Ball, location: 2F 1-2: Strikes out swinging
|
|
Batting: LHB Dan Hunt
|
0-0: SINGLE (Groundball, 3S, EV 70.6 MPH) (infield hit)
|
|
Batting: RHB Jesse Haddad
|
0-0: Ball Dan Hunt steals 2nd base 1-0: Ball 2-0: Foul Ball, location: 2F 2-1: Swinging Strike 2-2: Foul Ball, location: 2F 2-2: Foul Ball, location: 2F 2-2: Ball 3-2: Base on Balls
|
|
Batting: SHB Suljo Dokic
|
0-0: Called Strike 0-1: Swinging Strike 0-2: Strikes out swinging
|
|
Batting: LHB Isaac Bamberg
|
0-0: Foul Ball, location: 2F 0-1: Called Strike 0-2: Foul Ball, location: 2F 0-2: Ball 1-2: Strikes out swinging
|
| Top of the 3rd over - 0 runs, 1 hit, 0 errors, 2 left on base; Hudson Valley 1 - Los Angeles (NYP) 1 |
| BOTTOM OF THE 3RD |
|
Los Angeles (NYP) Angels batting - Pitching for Hudson Valley Renegades : RHP Kyle Thomas
|
|
Batting: RHB Randy Grewe
|
0-0: Ball 1-0: Foul Ball, location: 2F 1-1: Ball 2-1: SINGLE (Groundball, 4S, EV 75.0 MPH) (infield hit)
|
|
Batting: RHB Jeff Long
|
0-0: Ball 1-0: Foul Ball, location: 2F 1-1: Ball 2-1: Grounds into double play, 4-6-3 (Groundball, 34, EV 83.8 MPH)
|
|
Batting: RHB Jon Griffin
|
0-0: Swinging Strike 0-1: Foul Ball, location: 2F 0-2: Foul Ball, location: 2F 0-2: Ball 1-2: Fly out, F8 (Flyball, 8LXD, EV 96.3 MPH)
|
| Bottom of the 3rd over - 0 runs, 1 hit, 0 errors, 0 left on base; Hudson Valley 1 - Los Angeles (NYP) 1 |
| TOP OF THE 4TH |
|
Hudson Valley Renegades batting - Pitching for Los Angeles (NYP) Angels : RHP Nick Madrid
|
|
Batting: RHB Azedine Kirui
|
0-0: Called Strike 0-1: Foul Ball, location: 2F 0-2: Strikes out looking
|
|
Batting: SHB Josif Popovski
|
0-0: Ball 1-0: Called Strike 1-1: Ball 2-1: Foul Ball, location: 2F 2-2: Ball 3-2: TRIPLE (Line Drive, 78XD, EV 108.1 MPH)
|
|
Batting: RHB Khalil Walker
|
0-0: Swinging Strike 0-1: Foul Ball, location: 2F 0-2: SINGLE (Groundball, 56S, EV 70.6 MPH) (infield hit) Josif Popovski scores
|
|
Batting: RHB Jose Bengochea
|
0-0: Ball 1-0: Called Strike Khalil Walker steals 2nd, throwing error, E2 Khalil Walker to third 1-1: Ground out 6-3 (Groundball, 6, EV 81.9 MPH) Khalil Walker scores
|
|
Batting: SHB Tirta Subandrio
|
0-0: Ball 1-0: Called Strike 1-1: Ball 2-1: Foul Ball, location: 2F 2-2: Strikes out swinging
|
| Top of the 4th over - 2 runs, 2 hits, 1 error, 0 left on base; Hudson Valley 3 - Los Angeles (NYP) 1 |
| BOTTOM OF THE 4TH |
|
Los Angeles (NYP) Angels batting - Pitching for Hudson Valley Renegades : RHP Kyle Thomas
|
|
Batting: SHB Conor Davies
|
0-0: Ball 1-0: Ground out U3 (Groundball, 3, EV 87.5 MPH)
|
|
Batting: RHB Tsega Haida
|
0-0: Ball 1-0: Ball 2-0: Ball 3-0: Called Strike 3-1: Base on Balls
|
|
Batting: RHB Jason Habeck
|
0-0: Ball 1-0: Called Strike 1-1: Ball 2-1: DOUBLE (Line Drive, 8RD, EV 107.5 MPH) Tsega Haida to third Runner from 3rd tries for Home, SAFE, throw by CF to home
|
|
Batting: RHB Steve Hughey
|
0-0: Ball Wild Pitch! Jason Habeck to third 1-0: Called Strike 1-1: Ball 2-1: Foul Ball, location: 2F 2-2: Ball 3-2: Base on Balls
|
|
Batting: RHB David Kunze
|
0-0: Ball 1-0: Ball 2-0: Called Strike 2-1: Ball 3-1: Called Strike 3-2: Strikes out swinging
|
|
Batting: RHB D.J. Martinez
|
0-0: Ball 1-0: Foul Ball, location: 2F 1-1: Ground out 6-3 (Groundball, 6S, EV 83.8 MPH)
|
| Bottom of the 4th over - 1 run, 1 hit, 0 errors, 2 left on base; Hudson Valley 3 - Los Angeles (NYP) 2 |
| TOP OF THE 5TH |
|
Hudson Valley Renegades batting - Pitching for Los Angeles (NYP) Angels : RHP Nick Madrid
|
|
Batting: LHB Dan Hunt
|
0-0: Swinging Strike 0-1: Foul Ball, location: 2F 0-2: Ball 1-2: Foul Ball, location: 2F 1-2: Ball 2-2: Ball 3-2: Ground out U3 (Groundball, 3, EV 94.4 MPH)
|
|
Pitching: RHP Pete Warren
|
|
|
Batting: RHB Jesse Haddad
|
0-0: Called Strike 0-1: Fly out, F9 (Flyball, 9D, EV 101.9 MPH)
|
|
Batting: SHB Suljo Dokic
|
0-0: Foul Ball, location: 2F 0-1: Ball 1-1: Ball 2-1: Ball 3-1: Base on Balls
|
|
Pitching: RHP Kevin Greene
|
|
|
Batting: LHB Isaac Bamberg
|
0-0: Called Strike 0-1: Swinging Strike 0-2: Foul Ball, location: 2F 0-2: Ball 1-2: Ground out 4-3 (Groundball, 4, EV 112.5 MPH)
|
| Top of the 5th over - 0 runs, 0 hits, 0 errors, 1 left on base; Hudson Valley 3 - Los Angeles (NYP) 2 |
| BOTTOM OF THE 5TH |
|
Los Angeles (NYP) Angels batting - Pitching for Hudson Valley Renegades : RHP Kyle Thomas
|
|
Batting: RHB Randy Grewe
|
0-0: Called Strike 0-1: Ball 1-1: Foul Ball, location: 2F 1-2: Foul Ball, location: 2F 1-2: Ball 2-2: Ball 3-2: Foul Ball, location: 2F 3-2: Strikes out swinging, 2-3 out at first.
|
|
Batting: RHB Jeff Long
|
0-0: Ball 1-0: Called Strike 1-1: Ball 2-1: Foul Ball, location: 2F 2-2: Foul Ball, location: 2F 2-2: Ground out U3 (Groundball, 3, EV 83.8 MPH)
|
|
Batting: RHB Jon Griffin
|
0-0: Called Strike 0-1: Ground out 1-3 (Groundball, 13S, EV 66.3 MPH)
|
| Bottom of the 5th over - 0 runs, 0 hits, 0 errors, 0 left on base; Hudson Valley 3 - Los Angeles (NYP) 2 |
| TOP OF THE 6TH |
|
Hudson Valley Renegades batting - Pitching for Los Angeles (NYP) Angels : RHP Kevin Greene
|
|
Batting: RHB Azedine Kirui
|
0-0: Called Strike 0-1: Ground out 4-3 (Groundball, 4, EV 88.8 MPH)
|
|
Batting: SHB Josif Popovski
|
0-0: Foul Ball, location: 2F 0-1: Ground out 6-3 (Groundball, 6, EV 105.0 MPH)
|
|
Batting: RHB Khalil Walker
|
0-0: Foul Ball, location: 2F 0-1: Ball 1-1: Ball 2-1: Ball 3-1: Base on Balls
|
|
Batting: RHB Jose Bengochea
|
0-0: Ball Khalil Walker steals 2nd base 1-0: Foul Ball, location: 2F 1-1: Called Strike 1-2: Foul Ball, location: 2F 1-2: SINGLE (Line Drive, 78S, EV 103.1 MPH) Khalil Walker to third Runner from 3rd tries for Home, throw by LF and OUT! 7-2
|
| Top of the 6th over - 0 runs, 1 hit, 0 errors, 1 left on base; Hudson Valley 3 - Los Angeles (NYP) 2 |
| BOTTOM OF THE 6TH |
|
Los Angeles (NYP) Angels batting - Pitching for Hudson Valley Renegades : RHP Kyle Thomas
|
|
Pitching: RHP Chris Marino
|
|
|
Batting: SHB Conor Davies
|
0-0: Called Strike 0-1: Foul Ball, location: 2F 0-2: Fly out, F8 (Flyball, 8RM, EV 96.3 MPH)
|
|
Batting: RHB Tsega Haida
|
0-0: Ball 1-0: Ball 2-0: Foul Ball, location: 2F 2-1: Foul Ball, location: 2F 2-2: Ball 3-2: Strikes out swinging
|
|
Batting: RHB Jason Habeck
|
0-0: Foul Ball, location: 2F 0-1: Ball 1-1: Ground out 4-3 (Groundball, 4, EV 90.6 MPH)
|
| Bottom of the 6th over - 0 runs, 0 hits, 0 errors, 0 left on base; Hudson Valley 3 - Los Angeles (NYP) 2 |
| TOP OF THE 7TH |
|
Hudson Valley Renegades batting - Pitching for Los Angeles (NYP) Angels : RHP Kevin Greene
|
|
Pitching: RHP Joe Schuler
|
|
|
Now in LF: Mario Velazquez
|
|
|
Batting: SHB Tirta Subandrio
|
0-0: Ball 1-0: Foul Ball, location: 2F 1-1: Ground out 5-3 (Groundball, 5, EV 83.8 MPH)
|
|
Batting: LHB Dan Hunt
|
0-0: Swinging Strike 0-1: Ball 1-1: Ground out U3 (Groundball, 34S, EV 84.4 MPH)
|
|
Batting: RHB Jesse Haddad
|
0-0: Called Strike 0-1: Swinging Strike 0-2: Ball 1-2: Ball 2-2: Fly out, F9 (Line Drive, 9D, EV 89.4 MPH)
|
| Top of the 7th over - 0 runs, 0 hits, 0 errors, 0 left on base; Hudson Valley 3 - Los Angeles (NYP) 2 |
| BOTTOM OF THE 7TH |
|
Los Angeles (NYP) Angels batting - Pitching for Hudson Valley Renegades : RHP Chris Marino
|
|
Batting: RHB Steve Hughey
|
0-0: Ball 1-0: Ground out 6-3 (Groundball, 6S, EV 82.5 MPH)
|
|
Batting: RHB David Kunze
|
0-0: Called Strike 0-1: Ball 1-1: Swinging Strike 1-2: Strikes out swinging
|
|
Batting: RHB D.J. Martinez
|
0-0: Called Strike 0-1: Ball 1-1: Called Strike 1-2: Strikes out swinging
|
| Bottom of the 7th over - 0 runs, 0 hits, 0 errors, 0 left on base; Hudson Valley 3 - Los Angeles (NYP) 2 |
| TOP OF THE 8TH |
|
Hudson Valley Renegades batting - Pitching for Los Angeles (NYP) Angels : RHP Joe Schuler
|
|
Pitching: LHP Brandon Davis
|
|
|
Batting: SHB Suljo Dokic
|
0-0: Ball 1-0: Called Strike 1-1: Foul Ball, location: 3F, Error on foul ball, E3 1-2: Fly out, F8 (Flyball, 8RXD, EV 100.0 MPH)
|
|
Batting: LHB Isaac Bamberg
|
0-0: Ball 1-0: Foul Ball, location: 2F 1-1: Swinging Strike 1-2: Ball 2-2: Ball 3-2: Strikes out looking
|
|
Batting: RHB Azedine Kirui
|
0-0: Ball 1-0: Ball 2-0: Called Strike 2-1: Called Strike 2-2: Ground out 4-3 (Groundball, 4M, EV 103.1 MPH)
|
| Top of the 8th over - 0 runs, 0 hits, 1 error, 0 left on base; Hudson Valley 3 - Los Angeles (NYP) 2 |
| BOTTOM OF THE 8TH |
|
Los Angeles (NYP) Angels batting - Pitching for Hudson Valley Renegades : RHP Chris Marino
|
|
Now in LF: Jesus Baires
|
|
|
Batting: RHB Randy Grewe
|
0-0: Called Strike 0-1: Ball 1-1: Ball 2-1: Ball 3-1: Foul Ball, location: 2F 3-2: Fly out, F7 (Flyball, 7, EV 96.9 MPH)
|
|
Batting: RHB Jeff Long
|
0-0: Ball 1-0: Ball 2-0: SINGLE (Line Drive, 9S, EV 95.6 MPH)
|
|
Batting: RHB Mario Velazquez
|
0-0: Called Strike 0-1: Ball 1-1: Ball 2-1: Swinging Strike 2-2: Foul Ball, location: 2F 2-2: Strikes out looking
|
|
Batting: SHB Conor Davies
|
0-0: Ball 1-0: Called Strike 1-1: Ball 2-1: Swinging Strike 2-2: Ball 3-2: Strikes out swinging
|
| Bottom of the 8th over - 0 runs, 1 hit, 0 errors, 1 left on base; Hudson Valley 3 - Los Angeles (NYP) 2 |
| TOP OF THE 9TH |
|
Hudson Valley Renegades batting - Pitching for Los Angeles (NYP) Angels : LHP Brandon Davis
|
|
Batting: SHB Josif Popovski
|
0-0: Ball 1-0: Swinging Strike 1-1: Ball 2-1: Foul Ball, location: 2F 2-2: Ball 3-2: Strikes out swinging
|
|
Batting: RHB Khalil Walker
|
0-0: Called Strike 0-1: Foul Ball, location: 2F 0-2: Strikes out swinging
|
|
Batting: RHB Jose Bengochea
|
0-0: Called Strike 0-1: Ball 1-1: Ground out 4-3 (Groundball, 4D, EV 106.3 MPH)
|
| Top of the 9th over - 0 runs, 0 hits, 0 errors, 0 left on base; Hudson Valley 3 - Los Angeles (NYP) 2 |
| BOTTOM OF THE 9TH |
|
Los Angeles (NYP) Angels batting - Pitching for Hudson Valley Renegades : RHP Chris Marino
|
|
Pitching: RHP Nelson Dawson
|
|
|
Batting: RHB Tsega Haida
|
0-0: Swinging Strike 0-1: Ball 1-1: Ball 2-1: Foul Ball, location: 2F 2-2: Strikes out swinging
|
|
Batting: RHB Jason Habeck
|
0-0: Ball 1-0: Foul Ball, location: 2F 1-1: Foul Ball, location: 2F 1-2: SINGLE (Groundball, P, EV 93.8 MPH) (infield hit)
|
|
Batting: RHB Steve Hughey
|
0-0: Ball 1-0: Ball 2-0: Foul Ball, location: 2F 2-1: SINGLE (Flyball, 3D, EV 90.0 MPH) Jason Habeck to second
|
|
Pinch Runner at 2nd Steve Hasson:
|
|
|
Batting: RHB David Kunze
|
0-0: Called Strike 0-1: Swinging Strike 0-2: Ball 1-2: Ball 2-2: Ball 3-2: Strikes out looking
|
|
Batting: RHB D.J. Martinez
|
0-0: Ground out 4-3 (Groundball, 4, EV 86.9 MPH)
|
| Bottom of the 9th over - 0 runs, 2 hits, 0 errors, 2 left on base; Hudson Valley 3 - Los Angeles (NYP) 2 |
|